 Dungeon Crawl Stone Soup version 0.20.1-1-g8b1a95d (webtiles) character file.

2381 homeworkjunkie the Cleaver (level 9, -7/75 HPs)
             Began as a Hill Orc Fighter on Nov 30, 2017.
             Killed from afar by Pikel (27 damage)
             ... with a wand of lightning (?/15)
             ... on level 8 of the Dungeon.
             The game lasted 00:10:59 (5841 turns).

homeworkjunkie the Cleaver (Hill Orc Fighter)       Turns: 5841, Time: 00:10:59

Health: -7/75      AC: 12    Str: 21    XL:     9   Next: 45%
Magic:  3/3        EV: 10    Int: 10    God:
Gold:   359        SH: 15    Dex: 19    Spells: 8/8 levels left

rFire    . . .     SeeInvis .   a - +1 war axe
rCold    + + .     Gourm    .   c - +0 shield
rNeg     . . .     Faith    .   m - +1 ring mail "Roudat" {rPois rC++ MP-9 Dex+3}
rPois    +         Spirit   .   (no helmet)
rElec    .         Reflect  +   B - scarf of the Curious Friends {+Inv Int+2}
rCorr    .         Harm     .   t - +2 pair of gloves
MR       .....                  g - +1 pair of boots
Stlth    ..........             C - +4 amulet of reflection
Regen    0.3/turn               d - ring of loudness (curse)
MPRegen  0.1/turn               l - +5 ring of dexterity

@: no status effects
A: no striking features
a: Evoke Invisibility


You were on level 8 of the Dungeon.
You were not hungry.

You visited 2 branches of the dungeon, and saw 9 of its levels.

You collected 359 gold pieces.

Inventory:

Hand Weapons
 a - a +1 war axe (weapon)
Armour
 c - a +0 shield (worn)
 g - a +1 pair of boots (worn)
 m - the +1 ring mail "Roudat" (worn) {rPois rC++ MP-9 Dex+3}
   (You found it on level 4 of the Dungeon)

   It affects your dexterity (+3).
   It greatly protects you from cold.
   It protects you from poison.
   It affects your magic capacity (-9).
 t - a +2 pair of gloves (worn)
 y - a +0 plate armour
 B - the scarf of the Curious Friends (worn) {+Inv Int+2}
   (You found it on level 7 of the Dungeon)

   It affects your intelligence (+2).
   It lets you turn invisible.
Jewellery
 d - a cursed ring of loudness (left hand)
 h - an uncursed ring of positive energy
 j - an uncursed ring of fire
 l - a +5 ring of dexterity (right hand)
 C - a +4 amulet of reflection (around neck)
Wands
 k - a wand of enslavement (12/24)
 n - a wand of acid (14/15)
 w - a wand of lightning (8/15)
Scrolls
 e - 6 scrolls of identify
 i - 2 scrolls of immolation
 p - 2 scrolls of teleportation
 v - a scroll of blinking
 A - 2 scrolls of recharging
Potions
 b - 3 potions of heal wounds
 q - 3 potions of magic
 r - a potion of flight
 s - 2 potions of might
 u - 3 potions of curing
 x - a potion of haste
 z - a potion of invisibility
Comestibles
 f - 6 bread rations
 o - 3 meat rations


   Skills:
 * Level 6.0 Fighting
 * Level 10.8 Axes
 * Level 5.9 Armour
 + Level 1.9 Dodging
 + Level 0.5 Stealth
 * Level 6.3 Shields
 * Level 4.0 Evocations


You had 8 spell levels left.
You didn't know any spells.

Dungeon Overview and Level Annotations

Branches:
Dungeon (8/15)             Temple (1/1) D:4
   Lair: D:8-11

Altars:
Ashenzari
Cheibriados
Dithmenos
Elyvilon
Fedhas
Gozag
Hepliaklqana
Kikubaaqudgha
Makhleb
Nemelex Xobeh
Qazlal
Ru
Sif Muna
Trog
Uskayaw
Vehumet
Yredelemnul
Zin
The Shining One

Annotations:
D:8 Pikel


Message History

The slave hits you.
Pikel says, "You'll feel the lick of my whip!"
Pikel hits you but does no damage.
You miss Pikel.
Pikel is severely wounded.
You hit the slave but do no damage. You closely miss the slave.
You block the slave's attack. x2; Pikel hits you but does no damage.
You hit Pikel.
Pikel is severely wounded.
You slash the slave!
You kill the slave!
That felt strangely unrewarding.
You slash the slave! The slave closely misses you. You block Pikel's attack.
You hit Pikel but do no damage.
Pikel is severely wounded.
You hit the slave. The slave hits you.
Pikel zaps a wand.
The bolt of lightning hits you!
* * * LOW HITPOINT WARNING * * *
The bolt of lightning hits you!
You die...

#.# #.# ###.###
...... .p..# #p#.#
# #K#.## .#
#@[..####.#
##p#......#
#.......#.# #
#.......#.# #
#.##..<....#.###.#
#................
####.......#..#.
#........).#
#........###


You could see Pikel and 3 slaves.

Vanquished Creatures
  The ghost of Vourdeox the Skirmisher, a novice DsBe of Trog (D:5)
  The ghost of Mimshu the Poker, an amateur TrBe of Trog (D:4)
  An orc warrior (D:7)
  An ice beast (D:5)
  2 sky beasts (D:6)
  A slave (D:8)
  A black bear (D:6)
  An ogre (D:4)
  4 bullfrogs
  3 scorpions
  2 electric eels (D:6)
  3 howler monkeys (D:7)
  2 crimson imps
  A bullfrog zombie (D:7)
  3 orc priests
  3 hounds
  A bullfrog skeleton (D:8)
  4 orc wizards
  Ijyb (D:3)
  Natasha (thrice) (D:2)
  2 worker ants
  7 adders
  A howler monkey skeleton (D:6)
  A shadow imp (D:5)
  2 oozes
  An adder skeleton (D:7)
  4 worms
  12 dart slugs
  4 leopard geckos
  17 orcs
  A ball python (D:2)
  9 bats
  6 giant cockroaches
  6 goblins
  6 hobgoblins
  6 jackals
  4 quokkas
  5 frilled lizards
  4 kobolds
  8 rats
145 creatures vanquished.

Notes
Turn   | Place    | Note
-------+----------+-------------------------------------------
     0 | D:1      | homeworkjunkie the Hill Orc Fighter began the quest for the Orb.
     0 | D:1      | Reached XP level 1. HP: 19/19 MP: 1/1
    65 | D:1      | Reached XP level 2. HP: 20/27 MP: 2/2
    69 | D:1      | Reached skill level 3 in Axes
   289 | D:2      | Reached XP level 3. HP: 24/33 MP: 3/3
   527 | D:3      | Noticed Ijyb
   533 | D:3      | Killed Ijyb
   533 | D:3      | Reached skill level 4 in Axes
   533 | D:3      | Reached XP level 4. HP: 33/40 MP: 4/4
   710 | D:4      | Got a polished ring mail
   737 | D:3      | Identified the +1 ring mail "Roudat" {rPois rC++ MP-9 Dex+3} (You found it on level 4 of the Dungeon)
   803 | D:3      | Found a hazy altar of Hepliaklqana.
  1008 | D:3      | Reached skill level 5 in Axes
  1017 | D:3      | Reached XP level 5. HP: 14/46 MP: 0/5
  1336 | D:4      | Reached skill level 1 in Evocations
  1665 | D:3      | Found a sparkling altar of Nemelex Xobeh.
  1958 | D:2      | Noticed Natasha
  1972 | D:2      | Killed Natasha
  2075 | D:2      | Noticed Natasha
  2079 | D:2      | Killed Natasha
  2079 | D:2      | Reached XP level 6. HP: 52/53 MP: 0/7
  2149 | D:2      | Reached skill level 6 in Axes
  2150 | D:2      | Noticed Natasha
  2155 | D:2      | Killed Natasha
  2241 | D:2      | Found a bloodstained altar of Trog.
  2844 | D:4      | Found a staircase to the Ecumenical Temple.
  2853 | Temple   | Entered the Ecumenical Temple
  2990 | D:4      | Found a stormy altar of Qazlal.
  3076 | D:5      | Entered Level 5 of the Dungeon
  3278 | D:4      | Reached XP level 7. HP: 57/60 MP: 0/8
  3405 | D:4      | Found a shattered altar of Ashenzari.
  3405 | D:4      | Noticed Mimshu's ghost (amateur TrBe)
  3494 | D:4      | Killed Mimshu's ghost
  3494 | D:4      | Reached skill level 7 in Axes
  3511 | D:4      | Reached skill level 1 in Dodging
  3633 | D:5      | Noticed Vourdeox's ghost (novice DsBe)
  3718 | D:5      | Reached skill level 5 in Fighting
  3718 | D:5      | Reached skill level 5 in Shields
  3747 | D:5      | Reached skill level 8 in Axes
  3765 | D:5      | Reached XP level 8. HP: 40/68 MP: 0/9
  4095 | D:5      | Killed Vourdeox's ghost
  4095 | D:5      | Reached skill level 5 in Armour
  4506 | D:6      | Reached skill level 9 in Axes
  4916 | D:6      | Reached XP level 9. HP: 60/75 MP: 2/11
  5163 | D:6      | Reached skill level 10 in Axes
  5694 | D:7      | Got a heavily runed scarf
  5709 | D:7      | Identified the scarf of the Curious Friends {+Inv Int+2} (You found it on level 7 of the Dungeon)
  5825 | D:8      | Noticed Pikel
  5841 | D:8      | Killed from afar by Pikel

Skill      XL: |  1  2  3  4  5  6  7  8  9 |
---------------+----------------------------+-----
Axes           | 3 4 5 6 8 9 10 | 10.8
Fighting       | 4 5 6 |  6.0
Evocations     | 1 2 3 4 |  4.0
Shields        | 4 5 6 |  6.3
Armour         | 4 5 |  5.9
Dodging        | 1 |  1.9
Stealth        | |  0.5

Action                   |  1- 3 |  4- 6 |  7- 9 || total
-------------------------+-------+-------+-------++-------
Melee: War axe           |    83 |   186 |   221 ||   490
Evoke: Wand              |       |     1 |     1 ||     2
  Use: Scroll            |     4 |     7 |     7 ||    18
       Potion            |     1 |     4 |     3 ||     8
 Stab: Distracted        |       |       |     1 ||     1
  Eat: Royal jelly       |       |     3 |     3 ||     6
       Fruit             |       |     4 |       ||     4
       Bread ration      |       |       |     1 ||     1
Armor: Scale mail        |    24 |       |       ||    24
       Chain mail        |    36 |     3 |       ||    39
       Ring mail         |       |    72 |    87 ||   159
Dodge: Dodged            |    26 |    51 |    79 ||   156
Block: Shield            |    40 |    93 |   127 ||   260
